 Seeded DCSS version 0.29-a0-378-gc08b2e8bf8 (webtiles) character file.

Game seed: 13605594255664981076 (custom seed)

50 thiscave3701365 the Chopper (level 3, -2/33 HPs)
             Began as a Minotaur Berserker on May 4, 2022.
             Was a Believer of Trog.
             Slain by a gnoll
             ... wielding a +0 spear
              (7 damage)
             ... on level 2 of the Dungeon.
             The game lasted 00:01:05 (1312 turns).

thiscave3701365 the Chopper (Minotaur Berserker)    Turns: 1312, Time: 00:01:05

Health: -2/33      AC:  2    Str: 23    XL:     3   Next: 55%
Magic:  2/2        EV: 12    Int:  4    God:    Trog [**....]
Gold:   86         SH:  0    Dex:  9    Spells: 2/2 levels left

rFire   . . .      SeeInvis .   a - +0 hand axe
rCold   . . .      Faith    .   (no shield)
rNeg    . . .      Spirit   .   b - +0 animal skin
rPois   .          Reflect  .   (helmet restricted)
rElec   .          Harm     .   (no cloak)
rCorr   .          Rampage  .   (no gloves)
Will    .....                   (no boots)
Stlth   +.........              (no amulet)
HPRegen 0.11/turn               (no ring)
MPRegen 0.08/turn               (no ring)

@: on berserk cooldown, slowed, very slow
A: horns 2, retaliatory headbutt
a: Renounce Religion, Berserk, Trog's Hand


You were on level 2 of the Dungeon.
You worshipped Trog.
Trog was pleased with you.
You visited 1 branch of the dungeon, and saw 2 of its levels.

You collected 86 gold pieces.

Inventory:

Hand Weapons
 a - a +0 hand axe (weapon)
Armour
 b - a +0 animal skin (worn)
Scrolls
 d - a scroll of immolation {unknown}
 e - a scroll of identify {unknown}
 g - a scroll of blinking {unknown}
 h - a scroll of fog {unknown}
 i - a scroll of vulnerability {unknown}
Potions
 c - a potion of brilliance {unknown}
 f - 2 potions of haste {unknown}
 j - a potion of magic {unknown}


   Skills:
 - Level 4.0 Fighting
 - Level 4.0 Axes
 + Level 3.8 Armour
 - Level 2.6 Dodging


You had 2 spell levels left.
You didn't know any spells.
Your spell library was empty.

Dungeon Overview and Level Annotations

Branches:
Dungeon (2/15)

Altars:


Innate Abilities, Weirdness & Mutations

You have a pair of horns on your head.
You reflexively headbutt those who attack you in melee.


Message History

A ball python comes into view.
You barely miss the gnoll.
The gnoll is severely wounded.
The gnoll barely misses you. The gnoll closely misses you.
The gnoll hits you with a +0 club.
A red film seems to cover your vision as you go berserk!
You feel yourself moving faster!
You feel mighty!
The ball python hisses angrily.
The gnoll hits you from afar with a +0 spear.
The gnoll hits you from afar with a +0 spear!
You are too injured to fight recklessly!
Unknown command.
You are too injured to fight recklessly!
You are too injured to fight recklessly!
Unknown command.
You are too injured to fight recklessly!
You are too injured to fight recklessly!
You slash the gnoll!
You feel the power of Trog in you as your rage grows.
You kill the gnoll!
Trog accepts your kill.
The gnoll hits you from afar with a +0 spear. x2
The gnoll hits you from afar with a +0 spear!
* * * LOW HITPOINT WARNING * * *
The gnoll closely misses you.
There is an open door, spattered with blood here.
You see here a +0 club.
You feel a strong urge to attack something.
You slam the door shut with a bang, pushing everything out of the way!
You start resting.
You feel your anger nearly subside.
A gnoll opens the door.
There are monsters nearby!
There are monsters nearby!
There are monsters nearby!
You are no longer berserk.
You are exhausted.
You feel yourself slow down.
The gnoll hits you from afar with a +0 spear!
You die...

# # #....# #
####....# #
..##....## #########
#.##.....# ........#
#.##.....# ........#
#.##.....# ........#
#..#####.##.)...#
........#
#.>...@.ggS.....#
........#
#######.###)....#
........# #....#.#
......# ........#
#.##.#.#.#######
#.......####.##.#†#.
........'....##.#.#
........#######.#.#
÷#.......#......#.#
.#.....#.#.######.#


You could see 2 gnolls and a ball python.

Vanquished Creatures
  2 gnolls (D:2)
  An endoplasm (D:1)
  2 giant cockroaches (D:1)
  3 goblins
  3 hobgoblins
  3 jackals (D:1)
  5 ball pythons
  2 frilled lizards
  3 kobolds (D:1)
  5 rats
29 creatures vanquished.

Notes
Turn   | Place    | Note
-------+----------+-------------------------------------------
     0 | D:1      | thiscave3701365 the Minotaur Berserker began the quest for
                  | the Orb.
     0 | D:1      | Reached XP level 1. HP: 19/19 MP: 0/0
   400 | D:1      | Found a faded altar of an unknown god.
   461 | D:1      | Reached XP level 2. HP: 27/27 MP: 1/1
  1088 | D:2      | Reached ** piety under Trog
  1145 | D:2      | Reached XP level 3. HP: 26/33 MP: 2/2
  1312 | D:2      | Slain by a gnoll

Illustrated notes

Levels and vault maps discovered:
D:1:      wander_arrival_lonely_grave, layout_basic,
          ebering_ecumenical_altar_rust
D:2:      layout_basic, minmay_misc_feat_tower, grunt_decor_mini_mirrors

Skill      XL: |  1  2 |
---------------+-------+-----
Axes           | 4 |  4.0
Fighting       | 4 |  4.0
Armour         | 3 |  3.8
Dodging        | |  2.6

Action                   || total
-------------------------++-------
Melee: Hand axe          ||    59
       Headbutt          ||     7
Invok: Berserk           ||     1
Armor: Animal skin       ||    13
Dodge: Dodged            ||    49

Table legend: (Time is in decaauts)
 A = Elapsed time spent in this place.
 B = Non-inter-level travel time spent in this place.
 C = Inter-level travel time spent in this place.
 D = Time resting spent in this place.
 E = Time spent auto-exploring this place.
 F = Levels seen in this place.
 G = Mean time per level.
                   A        B        C        D        E       F      G
               +--------+--------+--------+--------+--------+-----+--------+
         Total |   1316 |   1281 |     35 |      0 |   1118 |   2 |  658.0 |
       Dungeon |   1316 |   1281 |     35 |      0 |   1118 |   2 |  658.0 |
               +--------+--------+--------+--------+--------+-----+--------+

Top non-repeatable levels by time:
     D:1: 974 daAuts
     D:2: 342 daAuts
